 Dungeon Crawl Stone Soup version 0.13-a0-2531-g2ad9301 (webtiles) character file.

524 Rycklaryybbe the Magician (level 5, -7/36 HPs)
             Began as a Demigod Wizard on July 26, 2013.
             Killed from afar by Ijyb (28 damage)
             ... with a wand of cold
             ... on Level 3 of the Dungeon.
             The game lasted 00:17:25 (4276 turns).

Rycklaryybbe the Magician (Demigod Wizard)          Turns: 4276, Time: 00:17:25

HP  -7/36        AC  9     Str 11      XL: 5   Next: 77%
MP  18/18        EV 11     Int 24      God:
Gold 243         SH  7     Dex 14      Spells:  6 memorised,  1 level left

Res.Fire  : . . .   See Invis. : .   G - +0,+1 orc trident (protect)
Res.Cold  : . . .   Warding    : .   f - +0 orc robe (curse)
Life Prot.: . . .   Conserve   : .   e - +0 buckler
Res.Poison: .       Res.Corr.  : .   q - +0 spiked helmet
Res.Elec. : .       Clarity    : .   z - +0 cloak
Sust.Abil.: . .     Spirit.Shd : .   (no gloves)
Res.Mut.  : .       Stasis     : .   (no boots)
Res.Rott. : .       Flight     : .   (no amulet)
Saprovore : . . .                    (no ring)
                                     (no ring)

@: slightly resistant to hostile enchantments, fairly stealthy
A: no striking features
a: no special abilities


You were on level 3 of the Dungeon.
You were hungry.

You visited 1 branch of the dungeon, and saw 4 of its levels.

You collected 223 gold pieces.

Inventory:

Hand weapons
 F - a +0,+2 orcish flail of holy wrath
 G - a +0,+1 orcish trident of protection (weapon)
Missiles
 x - 2 silver darts (quivered)
Armour
 b - a +0 wizard hat
 e - a +0 buckler (worn)
 f - a cursed +0 orcish robe (worn)
 q - a +0 spiked helmet (worn)
 z - a +0 cloak (worn)
Magical devices
 C - a wand of polymorph (0)
 L - a wand of magic darts (5) {unknown}
Comestibles
 a - a chunk of jackal flesh
 d - 4 bread rations
 m - a meat ration
 n - 2 chunks of jackal flesh
Scrolls
 g - 4 scrolls of remove curse {unknown}
 i - a scroll of fog {unknown}
 k - 4 scrolls of identify {unknown}
 r - a scroll of enchant weapon I {unknown}
 t - a scroll of blinking {unknown}
 y - a scroll of enchant weapon II {unknown}
 D - a scroll of amnesia {unknown}
 I - a scroll of teleportation {unknown}
 M - a scroll of magic mapping {unknown}
Jewellery
 l - a cursed ring of hunger {unknown}
 p - an uncursed ring of invisibility {unknown}
Potions
 h - a potion of restore abilities
 j - a potion of mutation {unknown}
 o - a potion of curing
 A - a potion of magic {unknown}
 B - a potion of beneficial mutation {unknown}
 H - a potion of poison {unknown}
Books
 c - a book of Minor Magic

   Spells                             Type                      Level
   *Magic Dart                        Conjuration                  1
   *Blink                             Translocation                2
   *Call Imp                          Summoning                    2
   *Repel Missiles                    Charms/Air                   2
   *Slow                              Hexes                        2
   Conjure Flame                      Conjuration/Fire             3
   *Mephitic Cloud                    Conjuration/Poison/Air       3
 J - a Grand Grimoire {highlevel}

   This book is beyond your current level of understanding.

   Spells                             Type                      Level
   Demonic Horde                      Summoning                    6
   Mass Abjuration                    Summoning                    6
   Haunt                              Necromancy/Summoning         7
   Summon Greater Demon               Summoning                    7
   Malign Gateway                     Summoning/Translocation      7
   Summon Horrible Things             Summoning                    8


   Skills:
 - Level 1.7 Dodging
 - Level 1.7 Stealth
 + Level 4.7 Spellcasting
 - Level 3.0 Conjurations
 - Level 0.8 Summonings
 - Level 0.8 Translocations
 - Level 1.0 Air Magic
 - Level 1.0 Poison Magic


You had one spell level left.
You knew the following spells:

 Your Spells              Type           Power        Failure   Level  Hunger
a - Magic Dart            Conj           ###.         3%          1    None
b - Blink                 Tloc           N/A          12%         2    None
c - Mephitic Cloud        Conj/Pois/Air  ##......     21%         3    ##.....
d - Slow                  Hex            #.......     17%         2    None
e - Repel Missiles        Chrm/Air       #.........   14%         2    None
f - Call Imp              Summ           #.........   12%         2    None


Dungeon Overview and Level Annotations

Branches:
Dungeon (4/27)
 Temple: D:4-7

Annotations
D:3 Ijyb


Message History

You closely miss the worker ant.
The worker ant is severely wounded.
The worker ant bites you but does no damage.
You barely miss the worker ant.
The worker ant is severely wounded.
The worker ant closely misses you. Ijyb screams, "I no like you!"
You hit the worker ant.
You kill the worker ant!
You are feeling hungry.
Throwing (i - inventory. (,) - cycle):
v - a throwing net (quivered)
Press: ? - help, Shift-Dir - straight line, f - Ijyb
Aim: Ijyb, wielding a dwarven dagger, wearing an orcish ring mail and carrying a wand of cold {zapped: 2} You throw a throwing net.
The throwing net misses Ijyb.
Ijyb zaps a wand.
The bolt of cold misses you.
You closely miss Ijyb. Ijyb barely misses you.
You barely miss Ijyb.
Ijyb zaps a wand.
The bolt of cold hits you!
One of your 2 potions of restore abilities freezes and shatters!
Ouch! That really hurt!
You die...

#.######.###.......# ..#
#.##...###### ########.##.8.8##
#...##.##..>..# ###############
###...##.##.8.8.###..............
......'.........(###.###########.
###...##.##....#.# #.# #.
#...##.#.....#g# #.# #.
###...##.#.....#@# #.# #.
..'...+...>..#.#.# #.# #.
###%..######.#.#.# #.# #. ###)).#
#.#.#.# #.# #. )).<### #.#.#.#
#.# #. ##### #.#.#.# #.# #.
#.#.#.# #.# #. #.#.#.# #.# #.
#.#.#.###.# #.


You could see Ijyb.

Vanquished Creatures
  Crazy Yiuf (D:2)
  2 orc wizards (D:3)
  A worker ant (D:3)
  A gnoll (D:4)
  5 adders
  3 worms
  An adder zombie (D:2)
  5 giant geckos
  6 orcs
  3 giant cockroaches
  9 goblins
  11 hobgoblins
  8 kobolds
  2 quokkas (D:2)
  9 bats
  2 giant newts
  15 jackals
  8 rats
92 creatures vanquished.

Notes
Turn   | Place    | Note
--------------------------------------------------------------
     0 | D:1      | Rycklaryybbe, the Demigod Wizard, began the quest for the Orb.
     0 | D:1      | Reached XP level 1. HP: 12/12 MP: 7/7
    60 | D:1      | Reached skill level 1 in Conjurations
   713 | D:1      | Reached XP level 2. HP: 18/18 MP: 7/9
   732 | D:1      | Learned a level 2 spell: Blink
  1362 | D:1      | Reached XP level 3. HP: 18/24 MP: 2/12
  1652 | D:2      | Learned a level 3 spell: Mephitic Cloud
  1815 | D:2      | Reached skill level 3 in Conjurations
  2028 | D:2      | Reached XP level 4. HP: 26/30 MP: 7/15
  2179 | D:2      | Noticed Crazy Yiuf
  2277 | D:2      | Killed Crazy Yiuf
  2277 | D:2      | Reached skill level 1 in Air Magic
  2277 | D:2      | Reached skill level 1 in Poison Magic
  2849 | D:3      | Reached XP level 5. HP: 25/36 MP: 6/17
  3073 | D:3      | Reached skill level 4 in Spellcasting
  3376 | D:3      | Learned a level 2 spell: Slow
  3379 | D:3      | Learned a level 2 spell: Repel Missiles
  3382 | D:3      | Learned a level 2 spell: Call Imp
  4151 | D:4      | Noticed Ijyb
  4276 | D:3      | Killed from afar by Ijyb

Action                   |  1- 3 |  4- 6 || total
-------------------------+-------+-------++-------
Melee: Unarmed           |    42 |       ||    42
       Morningstar       |    15 |     8 ||    23
       Quarterstaff      |       |    17 ||    17
       Trident           |       |    44 ||    44
       Flail             |       |    15 ||    15
Throw: Stone             |     1 |       ||     1
       Throwing net      |       |     1 ||     1
 Cast: Magic Dart        |   106 |    97 ||   203
       Mephitic Cloud    |       |     2 ||     2
  Use: Potion            |       |     2 ||     2
 Stab: Sleeping          |       |     2 ||     2
